AoeStats
← radis.lukas

Fortress

510715356Analyzed
1v1 RM · 1d ago on Oct 2, 2026· 36m 34s· 2 players
Game mode
Random Map
Map size
Small (3 player)
Population
200
Speed
Normal
Resources
Standard
Victory
Conquest
Starting age
Dark Age
Ending age
Imperial Age
RankedLock teamsTeams togetherTeam positionsShared explorationLock speedFull tech treeHidden civsTurbo modeCheats
Victory
Defeat
🇨🇳 Huns · China
902
+36
🇩🇪 Burgundians · Germany
880
-15
radis.lukas
2:40 Double-Bit Axe
3:34 Horse Collar
7:25 Wheelbarrow
7:03 Gold Mining
10:31 Feudal Age
9:55 Stone Mining
12:32 Bow Saw
12:32 Heavy Plow
15:40 Gold Shaft Mining
15:46 Stone Shaft Mining
16:12 Loom
19:51 Castle Age
18:27 Forging
18:23 Scale Barding Armor
20:58 Burgundian Vineyards
22:03 Two-Man Saw
22:03 Husbandry
21:24 Light Cavalry
21:26 Cavalier
24:31 Town Watch
28:14 Imperial Age
27:30 Chain Barding Armor
27:46 Iron Casting
27:32 Squires
28:40 Crop Rotation
28:18 Treadmill Crane
29:06 Ballistics
30:02 Paladin
30:03 Hussar
31:46 Blast Furnace
31:35 Plate Barding Armor
32:55 Conscription
33:02 Fortified Wall
32:28 Pikeman
36:02 Fletching
_Hy_魔君
11:17 Feudal Age
16:07 Castle Age
14:31 Double-Bit Axe
14:29 Horse Collar
14:43 Gold Mining
19:21 Scale Barding Armor
19:23 Heavy Plow
19:37 Bow Saw
27:44 Imperial Age
24:49 Pikeman
27:03 Loom
27:54 Wheelbarrow
27:37 Husbandry
28:06 Forging
27:50 Cavalier
29:06 Halberdier
30:28 Iron Casting
31:08 Paladin
32:02 Squires
33:18 Blast Furnace
35:18 Hand Cart
Connection lost

Rejoining the realm…

Still unreachable

The connection could not be restored.

Session expired

The server has moved on; the page needs a fresh start.